 Dungeon Crawl Stone Soup version 0.29.1-2-gbd0b4ee654 (webtiles) character file.

Game seed: 2359272023953728672

4459 safid the Skirmisher (level 10, -2/72 (88) HPs)
             Began as a Minotaur Hunter on Oct 21, 2022.
             Was an Elder of Okawaru.
             Slain by a wight
             ... wielding a +3 dire flail
              (4 damage)
             ... on level 8 of the Dungeon on Oct 24, 2022.
             The game lasted 00:20:45 (12378 turns).

safid the Skirmisher (Minotaur Hunter)             Turns: 12378, Time: 00:20:45

HP:   -2/72 (88)    AC: 14    Str: 16    XL:     10   Next: 15%
MP:   11/13         EV: 13    Int:  6    God:    Okawaru [****..]
Gold: 107           SH:  0    Dex: 18    Spells: 6/9 levels left

rFire   . . .      SeeInvis .   a - +0 shortbow
rCold   + + .      Faith    .   (shield currently unavailable)
rNeg    . . .      Spirit   .   j - +0 scale mail
rPois   .          Reflect  .   (helmet restricted)
rElec   .          Harm     .   (no cloak)
rCorr   .          Rampage  .   y - +0 pair of gloves {infuse}
Will    .....                   b - +2 pair of boots
Stlth   ++........              (no amulet)
HPRegen 0.22/turn               q - ring of protection from cold
MPRegen 0.13/turn               d - ring of protection from cold

@: heroic, heavily drained, invisible
A: horns 2, retaliatory headbutt
a: Renounce Religion, Heroism, Finesse


You were on level 8 of the Dungeon.
You worshipped Okawaru.
Okawaru was greatly pleased with you.
You visited 2 branches of the dungeon, and saw 9 of its levels.

You collected 440 gold pieces.
You spent 333 gold pieces at shops.

Inventory:

Hand Weapons
 a - a +0 shortbow (weapon)
Missiles
 t - a throwing net
Armour
 b - a +2 pair of boots (worn)
 j - a +0 scale mail (worn)
 y - a +0 pair of gloves of infusion (worn)
Jewellery
 d - a ring of protection from cold (right hand)
 o - a ring of fire
 q - a ring of protection from cold (left hand)
 B - a ring of protection from cold
Wands
 m - a wand of paralysis (7)
Scrolls
 e - a scroll of acquirement {unknown}
 g - 2 scrolls of magic mapping
 h - a scroll of enchant armour
 k - a scroll of enchant weapon {unknown}
 n - a scroll of silence {unknown}
 p - 2 scrolls of noise {unknown}
 r - a scroll of amnesia {unknown}
 s - a scroll of poison {unknown}
 u - a scroll of butterflies {unknown}
 A - a scroll of identify
Potions
 c - a potion of might {unknown}
 f - 2 potions of curing
 i - 2 potions of berserk rage {unknown}
 l - a potion of haste {unknown}
 v - a potion of mutation {unknown}
 w - a potion of attraction {unknown}
 x - a potion of degeneration {unknown}
 z - 2 potions of invisibility


   Skills:
 - Level 8.0(13.0) Fighting
 + Level 9.5(14.5) Ranged Weapons
 - Level 8.0(13.0) Armour
 - Level 2.1(7.1) Dodging
 - Level 0.7(5.7) Stealth
 + Level 4.5 Translocations
 + Level 6.0 Invocations


You had 6 spell levels left.
You knew the following spells:

 Your Spells              Type           Power      Damage    Failure   Level
a - Slow                  Hex            0%         N/A       78%         1
b - Blink                 Tloc           10%        N/A       30%         2

Your spell library contained the following spells:

 Spells                   Type           Power      Damage    Failure   Level
 Lesser Beckoning         Tloc           5%         N/A       52%         3
 Confusing Touch          Hex            0%         N/A       98%         3
 Vampiric Draining        Necr           0%         2d6       98%         3
 Manifold Assault         Tloc           5%         N/A       99%         5


Dungeon Overview and Level Annotations

Branches:
Dungeon (8/15)             Temple (1/1) D:4            Lair (0/5) D:8

Altars:
Ashenzari
Gozag
Nemelex Xobeh
Okawaru
Sif Muna
Trog
Xom

Shops:
D:4 [   D:5 :


Innate Abilities, Weirdness & Mutations

You have a pair of horns on your head.
You reflexively headbutt those who attack you in melee.


Message History

The wight barely misses you. You furiously retaliate!
You headbutt the wight, but do no damage.
Unknown command.
Fire: a) +0 shortbow
Press: ? - help, Q - select action, (/) - cycle Shift-Dir - straight line, f/p - wight
Aim: a wight, wielding a +4 falchion and wearing a +0 robe (almost destroyed, unable to see you, 73% to hit)
You shoot an arrow. The arrow hits the wight.
You destroy the wight!
Okawaru accepts your kill. The wight closely misses you.
You furiously retaliate!
You headbutt the wight, but do no damage.
Unknown command.
Fire: a) +0 shortbow
Press: ? - help, Q - select action, (/) - cycle Shift-Dir - straight line, f - wight
Aim: a wight, wielding a +3 dire flail and wearing a +0 robe (moderately damaged, unable to see you, 73% to hit)
You shoot an arrow. The arrow barely misses the wight.
The wight closely misses you.
Fire: a) +0 shortbow
Press: ? - help, Q - select action, (/) - cycle Shift-Dir - straight line, f/p - wight
Aim: a wight, wielding a +3 dire flail and wearing a +0 robe (moderately damaged, unable to see you, 73% to hit)
You shoot an arrow. The arrow hits the wight.
The wight is heavily damaged.
The wight hits you with a +3 dire flail!
* * * LOW HITPOINT WARNING * * *
You feel drained.
* * * LOW HITPOINT WARNING * * *
Fire: a) +0 shortbow
Press: ? - help, Q - select action, (/) - cycle Shift-Dir - straight line, f/p - wight
Aim: a wight, wielding a +3 dire flail and wearing a +0 robe (heavily damaged, unable to see you, 73% to hit)
You shoot an arrow. The arrow closely misses the wight.
The wight hits you with a +3 dire flail.
* * * LOW HITPOINT WARNING * * *
You feel drained.
* * * LOW HITPOINT WARNING * * *
Fire: a) +0 shortbow
Press: ? - help, Q - select action, (/) - cycle Shift-Dir - straight line, f/p - wight
Aim: a wight, wielding a +3 dire flail and wearing a +0 robe (heavily damaged, unable to see you, 73% to hit)
You shoot an arrow. The arrow closely misses the wight.
The wight hits you with a +3 dire flail.
You die...

# ..#. ### #### #....
##...# #@)#......
...... #z)#.....#
....... ######..)).#
.......####..#.......#
.........##..#.....###
......##..†.....#..#
............#...#..#
......##.##...######
......#..##.#.......


You could see a wight (wandering, unable to see you).

Vanquished Creatures
  A shadow (D:6)
  A yak (D:7)
  Eustachio (D:6)
  A water moccasin (D:5)
  A sky beast (D:7)
  2 black bears
  An ice beast (D:6)
  3 ogres
  A centaur (D:6)
  2 kobold brigands (D:7)
  2 gnoll sergeants
  10 bullfrogs
  2 scorpions
  3 necrophages
  13 wights
  6 killer bees
  3 howler monkeys (D:7)
  A quasit (D:6)
  6 hounds
  3 jellies
  A gnoll bouda (D:5)
  3 orc priests
  4 iguanas
  7 orc wizards
  7 gnolls
  7 adders
  A shadow imp (D:7)
  3 white imps (D:6)
  4 ufetubi
  A worm (D:3)
  31 orcs
  5 ball pythons
  5 endoplasms
  2 giant cockroaches
  10 hobgoblins
  4 quokkas
  6 bats
  5 frilled lizards
  5 goblins
  14 kobolds
  8 rats
196 creatures vanquished.

Vanquished Creatures (others)
  A demonic plant (D:6)
  55 plants (D:5)
56 creatures vanquished.

Grand Total: 252 creatures vanquished

Notes
Turn   | Place    | Note
-------+----------+-------------------------------------------
     0 | D:1      | safid the Minotaur Hunter began the quest for the Orb.
     0 | D:1      | Reached XP level 1. HP: 18/18 MP: 0/0
   296 | D:1      | Reached XP level 2. HP: 25/25 MP: 1/1
   537 | D:1      | Found a faded altar of an unknown god.
   554 | D:1      | Found a faded altar of an unknown god.
   593 | D:1      | Reached skill level 5 in Ranged Weapons
  1020 | D:2      | Reached XP level 3. HP: 31/31 MP: 2/2
  2314 | D:3      | Reached skill level 1 in Armour
  2317 | D:3      | Reached XP level 4. HP: 38/38 MP: 3/3
  2966 | D:4      | Reached skill level 6 in Ranged Weapons
  2966 | D:4      | Reached XP level 5. HP: 31/46 MP: 4/4
  3095 | D:4      | Found Cauky's Antique Armour Emporium.
  3188 | D:4      | Found a staircase to the Ecumenical Temple.
  3206 | Temple   | Entered the Ecumenical Temple
  3242 | Temple   | Became a worshipper of Warmaster Okawaru
  3389 | D:4      | Noticed an ogre
  3698 | D:4      | Killed an ogre
  3886 | D:5      | Entered Level 5 of the Dungeon
  3895 | D:5      | Learned a level 1 spell: Slow
  3898 | D:5      | Learned a level 2 spell: Blink
  3922 | D:5      | Reached XP level 6. HP: 46/53 MP: 5/5
  4081 | D:4      | Bought a pair of embroidered gloves for 172 gold pieces
  4269 | D:5      | Reached skill level 1 in Invocations
  4640 | D:5      | Found Evyl's Book Shop.
  4661 | D:5      | Reached * piety under Okawaru
  4662 | D:5      | Reached skill level 5 in Fighting
  4662 | D:5      | Reached skill level 1 in Translocations
  4752 | D:5      | Reached XP level 7. HP: 61/61 MP: 7/7
  5204 | D:5      | Reached skill level 7 in Ranged Weapons
  5870 | D:6      | Reached ** piety under Okawaru
  5871 | D:6      | Reached XP level 8. HP: 65/70 MP: 9/9
  6010 | D:6      | Noticed Eustachio
  6058 | D:6      | Killed Eustachio
  6059 | D:6      | Reached skill level 5 in Armour
  6085 | D:6      | Found a shimmering altar of Xom.
  7055 | D:6      | Reached skill level 8 in Ranged Weapons
  7299 | D:6      | Reached XP level 9. HP: 75/79 MP: 9/11
  7558 | D:6      | Reached *** piety under Okawaru
  8251 | D:4      | Bought a polished leather armour for 161 gold pieces
  8251 | D:4      | Identified the +1 leather armour of the Game of Life {rN+
                  | Regen+ Str+4 Dex-2} (You bought it in a shop on level 4 of
                  | the Dungeon)
  8627 | D:6      | HP: 2/79 [orc warrior/+0 halberd (15)]
  9345 | D:7      | Reached skill level 5 in Invocations
 10035 | D:8      | Noticed a death yak
 10035 | D:8      | Found a staircase to the Lair.
 10038 | D:8      | Noticed a death yak
 10219 | D:8      | Reached skill level 9 in Ranged Weapons
 10511 | D:8      | Noticed a death yak
 11008 | D:7      | Upgraded the game from 0.29.1-1-gd02db6906a to
                  | 0.29.1-2-gbd0b4ee654
 11268 | D:7      | Reached **** piety under Okawaru
 11306 | D:7      | Reached XP level 10. HP: 39/88 MP: 13/13
 12250 | D:8      | Identified the +1 battleaxe of Wariness {flame, *Noise
                  | Fragile rF++ Str+3}
 12377 | D:8      | HP: 3/73 [wight/+3 dire flail (4)]
 12378 | D:8      | Slain by a wight

Illustrated notes

Levels and vault maps discovered:
D:1:      dpeg_cavernosity, layout_basic,
          hellmonk_ecumenical_altar_the_god_not_taken
D:2:      layout_basic, guppyfry_early_orc_mine
D:3:      layout_basic
D:4:      layout_basic, minmay_temple_entry_enclosed_plants, serial_shops,
          nicolae_shop_overgrown_old_shop
D:5:      layout_basic, serial_bayou, serial_bayou_shore_b, serial_bayou_pond_d,
          serial_bayou_pond_d, serial_bayou_lagoon_a, serial_shops,
          kennysheep_mini, grunt_decor_junction
D:6:      minmay_chambers_of_threes, layout_rooms, mainiacjoe_overflow_alcove_1,
          serial_demonic, serial_demonic_e, serial_demonic_a, serial_demonic_d,
          serial_demonic_d, dk_vineyard_1, uniq_eustachio
D:7:      layout_basic
D:8:      layout_rooms, gammafunk_temple_overflow_claw, dpeg_lair_monsters,
          st_stairs_4, hangedman_decor_push
Temple:   bh_familiar_temple

Skill      XL: |  1  2  3  4  5  6  7  8  9 10 |
---------------+-------------------------------+-----
Fighting       | 3 4 5 7 8 |  8.0
Ranged Weapons | 5 6 7 8 9 |  9.5
Armour         | 1 2 3 4 6 7 8 |  8.0
Invocations    | 1 2 4 5 6 |  6.0
Translocations | 1 2 3 4 |  4.5
Dodging        | |  2.1
Stealth        | |  0.7

Action                   |  1- 3 |  4- 6 |  7- 9 | 10-12 || total
-------------------------+-------+-------+-------+-------++-------
Melee: Shortbow          |       |       |       |     1 ||     1
 Fire: Shortbow          |   119 |   159 |   503 |   116 ||   897
 Cast: Blink             |       |       |       |     1 ||     1
Invok: Heroism           |       |       |     3 |     1 ||     4
  Use: Scroll            |       |     2 |     6 |       ||     8
       Potion            |       |       |     3 |     2 ||     5
Armor: Leather armour    |     1 |       |       |       ||     1
       Scale mail        |    26 |    57 |   229 |    48 ||   360
Dodge: Dodged            |    30 |    51 |   273 |    51 ||   405
